[Event "*** Titled Tuesday Blitz"]
[Site "Chess.com"]
[Date "2019.11.05"]
[Round "8"]
[White "1995Tiger"]
[Black "gena217"]
[Result "0-1"]
[WhiteElo "2159"]
[BlackElo "2922"]
[TimeControl "180+2"]
[EndTime "14:54:39 PST"]
[Termination "gena217 won by resignation"]

1. d4 f5 2. Nf3 Nf6 3. g3 g6 4. Bg2 Bg7 5. O-O O-O 6. c4 d6 7.
Nc3 h6 8. Re1 g5 9. e4 fxe4 10.
Nxe4 Nxe4 11. Rxe4 Bf5 12. Re1 Nc6 13. Be3 Qd7 14.
d5 Nb4 15. Nd4 Bxd4 16. Bxd4 Nc2 17. Bc3 Nxa1 18. Re6 Bxe6 19. dxe6 Qe8 20. Be4 c6 21. Qxa1 Rf6 22. Bxf6 exf6 23. Bf5 d5 24. cxd5 Rd8 25. dxc6 Qxc6 26. Qe1 Rd5 27. Bg6 Re5 28. Bf7+ Kg7 29. Qd1 Qd5 30. Qb1 Qe4 31. Qxe4 Rxe4 32. Kf1 f5 33. f3 Re3 34. Kf2 f4 35. h4 Kf6 36.
hxg5+ hxg5 37. gxf4 gxf4 38. Bg8 Ke7 39. Bf7 Kd6 40. Bg8 Kc5 41. a3 Kd6 42. Kg2 Re2+ 43.
Kh3 Rxb2 44. Kg4 Rg2+ 0-1

[Event "*** Titled Tuesday Blitz"]
[Site "Chess.com"]
[Date "2019.11.05"]
[Round "8"]
[White "Recombinant"]
[Black "SanchezKelvin"]
[Result "0-1"]
[WhiteElo "2341"]
[BlackElo "2492"]
[TimeControl "180+2"]
[EndTime "14:54:40 PST"]
[Termination "SanchezKelvin won by resignation"]

1. d4 Nf6 2. c4 g6 3. Nc3 Bg7 4. Nf3 d6 5. Bg5 O-O 6. e3 c5 7. d5 e6 8. Be2 exd5 9. cxd5 a6 10. a4 h6 11. Bh4 Nbd7 12. O-O Re8 13. Qc2 Ne5 14.
Nxe5 Rxe5 15. Rae1 Rb8 16. Bc4 Re8 17. e4 Qa5 18. f4 b5 19. axb5 axb5 20. Bd3 c4 21. Be2 b4 22. Bxf6 Bxf6 23. Nd1 Qc5+ 24. Kh1 b3 25. Qd2 Rxe4 26. Bf3 Rxe1 27. Rxe1 Bf5 28. Ne3 Qd4 29. Qxd4 Bxd4 30. Nxc4 Rb4 31. Nxd6 Bxb2 32. Nxf5 gxf5 33. Rb1 Bf6 34. g3 b2 35. Kg2 Rc4 36. Be2 Rc2 37. Kf3 Rd2 38. Bc4 Kf8 39. h3 Ke7 40. Ke3 Rc2 41. Bd3 Rh2 42. Bxf5 Kd6 43. Rd1 h5 44. Bb1 Rxh3 45. Kf3 h4 46. Rg1 hxg3 47. Rxg3 Rh1 48. Ba2 Ra1 0-1

[Event "*** Titled Tuesday Blitz"]
[Site "Chess.com"]
[Date "2019.11.05"]
[Round "8"]
[White "bubacik"]
[Black "kuli4ik"]
[Result "0-1"]
[WhiteElo "2674"]
[BlackElo "2823"]
[TimeControl "180+2"]
[EndTime "14:54:43 PST"]
[Termination "kuli4ik won by resignation"]

1. d4 d5 2. Nf3 c6 3. c4 Nf6 4.
Qb3 dxc4 5. Qxc4 Qd5 6. e3 Qxc4 7. Bxc4 Bf5 8. Nc3 e6 9. Nh4 Bg4 10. h3 Bh5 11. g4 Bg6 12. O-O Be7 13. Kg2 Bc2 14. Nf3 h6 15. Ne5 Nbd7 16. f4 Nb6 17.
Be2 O-O 18. Bf3 Rfd8 19. g5 hxg5 20. fxg5 Nfd7 21. Nxf7 Rf8 22. Bg4 Rxf7 23. Bxe6 Bg6 24. Bd2 Bxg5 25. Rf3 Re8 26. Bb3 Nf6 27. Rg3 Ne4 28.
Bxf7+ Kxf7 29. Rf1+ Bf6 30. Nxe4 Bxe4+ 31. Kh2 Nd5 32. Rfg1 g6 33. Rf1 Bf5 34. Rgf3 Bd8 35. Kg1 Nf6 36. Bb4 Ne4 37. Kg2 Bc7 38. h4 Rh8 39.
Rh1 Nf6 40. Be1 Be4 41. Bg3 Bxf3+ 42. Kxf3 Bxg3 43. Kxg3 g5 44. Rh2 Rxh4 45. Rxh4 gxh4+ 46. Kxh4 Nd5 47. e4 Nb4 48. a3 Nd3 49. b3 Nf2 50. e5 Ke6 51. Kg3 Ne4+ 52. Kf4 Nd2 53. b4 Nc4 54. a4 Nb6 55. b5 Nxa4 56. Ke4 Nc3+ 57. Kd3 Nxb5 58. Kc4 Nc7 59. Kc5 Nd5 60. Kc4 b6 61. Kd3 a5 62. Kc4 Nc7 63. Kd3 Kd5 64.
Kc3 Ne6 65. Kb3 Nxd4+ 66. Ka4 Kxe5 0-1

[Event "*** Titled Tuesday Blitz"]
[Site "Chess.com"]
[Date "2019.11.05"]
[Round "8"]
[White "Denis_Makhnyov"]
[Black "mikhaillushenkov"]
[Result "1-0"]
[WhiteElo "2911"]
[BlackElo "2705"]
[TimeControl "180+2"]
[EndTime "14:54:44 PST"]
[Termination "Denis_Makhnyov won by checkmate"]

1. d4 Nf6 2. c4 e6 3. g3 d5 4. Bg2 c6 5. Nf3 Nbd7 6. Qc2 Bd6 7. O-O O-O 8. Nc3 dxc4 9. Rd1 Qe7 10. Nd2 Nb6 11. Nde4 Nxe4 12. Nxe4 Bc7 13. b3 e5 14.
bxc4 exd4 15. a4 c5 16. a5 Nd7 17. a6 Rb8 18. axb7 Bxb7 19. Rxa7 f5 20. Rxb7 Rxb7 21.
Nf6+ Nxf6 22. Bxb7 Bxg3 23. Bf3 Bc7 24. Qxf5 Qd6 25.
Qh3 Re8 26. Bg5 Ne4 27. Bh4 Nc3 28. Rd2 Qg6+ 29. Qg4 Qxg4+ 30. Bxg4 Bf4 31. Rc2 g5 32. Bg3 Kg7 33. Kf1 Kg6 34. e3 Bxg3 35. hxg3 h5 36. Bf3 Rf8 37. Bg2 Rc8 38. Ke1 h4 39. gxh4 gxh4 40.
Kd2 Kg5 41. exd4 cxd4 42. Kd3 Rd8 43. c5 Kf4 44. c6 Nb5 45. Bh3 Nc7 46. Rc5 Kf3 47.
Rf5# 1-0

[Event "*** Titled Tuesday Blitz"]
[Site "Chess.com"]
[Date "2019.11.05"]
[Round "8"]
[White "Alex_Terzi"]
[Black "ChessBitl"]
[Result "1/2-1/2"]
[WhiteElo "2496"]
[BlackElo "2357"]
[TimeControl "180+2"]
[EndTime "14:54:44 PST"]
[Termination "Game drawn by repetition"]

1. e4 c5 2. Nc3 Nc6 3. Bb5 Qc7 4. Nf3 e6 5. Bxc6 Qxc6 6. d4 cxd4 7. Nxd4 Qc7 8. O-O d6 9. Ndb5 Qd8 10. Bf4 e5 11. Nd5 exf4 12. Nbc7+ Kd7 13. Nxa8 Nf6 14. Nac7 b6 15.
Nxf6+ Qxf6 16. Nd5 Qxb2 17. Qg4+ Kd8 18. Qxf4 Be6 19.
Rab1 Qxa2 20. Rb3 Qxc2 21. Rc3 Qa4 22. Qg5+ f6 23. Nxf6 Be7 24. Qxg7 Rf8 25. Nd5 Rf7 26. Qh8+ Bf8 27. Re3 Qc4 28. Qb2 Bg7 29. Qa3 Qc5 30. Qd3 Be5 31. Rf3 Rg7 32. Rf8+ Kd7 33. Qa6 Bxd5 34.
exd5 Ke7 35. Rc8 Qxd5 36. Qxa7+ Kf6 37. Rf8+ Ke6 38. Re8+ Kf6 39. Rf8+ Ke6 40. Re8+ Kf6 41. Rf8+ 1/2-1/2

[Event "*** Titled Tuesday Blitz"]
[Site "Chess.com"]
[Date "2019.11.05"]
[Round "8"]
[White "LuckIsMySkill"]
[Black "VincentKeymer"]
[Result "1-0"]
[WhiteElo "2765"]
[BlackElo "2559"]
[TimeControl "180+2"]
[EndTime "14:54:49 PST"]
[Termination "LuckIsMySkill won by resignation"]

1. f4 d5 2. b3 Bg4 3. Bb2 e6 4. g3 h5 5. h3 Bf5 6. Bg2 Nc6 7. e3 Nf6 8. Ne2 Be4 9. Kf1 Bc5 10. Bxf6 Bxg2+ 11. Kxg2 Qxf6 12. d4 Bd6 13. h4 O-O-O 14.
Nd2 Ne7 15. Nf3 Nf5 16. Qd3 Qg6 17. Kf2 f6 18. e4 Nh6 19. e5 Qxd3 20. cxd3 Be7 21.
Nc3 fxe5 22. dxe5 Bc5+ 23. d4 Be7 24. Nd1 Kb8 25. Ne3 c5 26. Rhd1 Rc8 27. Ke2 Ng4 28. dxc5 Bxc5 29. Nxg4 hxg4 30. Ng5 Rc6 31. Rac1 Rhc8 32.
h5 Be7 33. Rxc6 Rxc6 34. Kd3 Bb4 35. Ke2 Kc8 36. Rh1 Rc2+ 37. Kd1 Rxa2 38. Rh4 Kd7 39. Rxg4 a5 40. Nh7 b5 41. Rxg7+ Kc6 42. Ng5 a4 43. bxa4 bxa4 44. h6 Rh2 45. Ra7 a3 46. h7 Bf8 47.
Nxe6 Kb6 48. Ra8 Bb4 49. h8=Q 1-0

[Event "*** Titled Tuesday Blitz"]
[Site "Chess.com"]
[Date "2019.11.05"]
[Round "8"]
[White "misha_chessone"]
[Black "Eloist"]
[Result "0-1"]
[WhiteElo "2373"]
[BlackElo "2307"]
[TimeControl "180+2"]
[EndTime "14:54:52 PST"]
[Termination "Eloist won on time"]

1. d4 e6 2. c4 Nf6 3. Nc3 Bb4 4. Qc2 c5 5. dxc5 O-O 6. a3 Bxc5 7. Nf3 b6 8. Bg5 h6 9. Bh4 Bb7 10. e3 Be7 11.
Be2 d6 12. O-O Nbd7 13. Rfd1 a6 14. Rac1 Rc8 15. b4 Qc7 16. Qb3 Rfe8 17. Bg3 Nh5 18. Rd2 Nxg3 19. hxg3 Nf6 20. Rcd1 d5 21. Rd4 e5 22. Nxd5 Nxd5 23. Rxd5 Bxd5 24. Rxd5 e4 25. Nd4 Bf6 26. Nf5 Rcd8 27. Rxd8 Rxd8 28. g4 g6 29. Nxh6+ Kg7 30. g5 Bxg5 31. Ng4 f5 32. Qc3+ Kh7 33. Nh2 Qg7 34. Qb3 Qa1+ 35. Nf1 Kg7 36. c5 bxc5 37.
bxc5 Qf6 38. Qb7+ Kh6 39. Qxa6 Qxa6 40. Bxa6 Ra8 41. Bb7 Rxa3 42. c6 Bd8 43. g3 g5 44.
Kg2 Kg6 45. Bc8 Ra2 46. Kg1 g4 47. Kg2 Ba5 48. Bd7 Rc2 49. Nh2 Be1 0-1

[Event "*** Titled Tuesday Blitz"]
[Site "Chess.com"]
[Date "2019.11.05"]
[Round "8"]
[White "JonahWillow"]
[Black "Bathory44"]
[Result "1-0"]
[WhiteElo "2796"]
[BlackElo "2613"]
[TimeControl "180+2"]
[EndTime "14:54:54 PST"]
[Termination "JonahWillow won on time"]

1. e4 e6 2. d4 d5 3. Nd2 a6 4. Ngf3 c5 5. exd5 exd5 6. Bd3 c4 7. Be2 Bd6 8. b3 cxb3 9. axb3 Nc6 10. O-O Nf6 11. c3 O-O 12. Re1 Bf5 13. Ba3 Re8 14. Bxd6 Qxd6 15. Nf1 Rac8 16. Ng3 Be4 17. Qd2 h6 18.
Nh4 Qd7 19. h3 Re7 20. Bd3 Rce8 21. Nhf5 Bxf5 22. Nxf5 Rxe1+ 23. Rxe1 Rxe1+ 24. Qxe1 g6 25. Nxh6+ Kg7 26. Qe3 b5 27. Nf5+ gxf5 28. Qg5+ Kf8 29.
Qxf6 Qe6 30. Qxf5 Qxf5 31. Bxf5 b4 32. cxb4 Nxb4 33. Bc8 a5 34. f3 Ke7 35. Kf2 Nc2 36.
Bb7 Kd6 37. h4 Nxd4 38. h5 Ke5 39. g4 Nxb3 40. g5 Kf5 41. h6 Kg6 42. Bxd5 Nd4 43.
Be4+ f5 44. Bb1 a4 45. Ke3 Ne6 46. Bxf5+ Kxf5 47. h7 1-0

[Event "*** Titled Tuesday Blitz"]
[Site "Chess.com"]
[Date "2019.11.05"]
[Round "8"]
[White "Qvalda"]
[Black "WinningButNotReally"]
[Result "0-1"]
[WhiteElo "2531"]
[BlackElo "2445"]
[TimeControl "180+2"]
[EndTime "14:54:54 PST"]
[Termination "WinningButNotReally won on time"]

1. d4 Nf6 2. Nf3 g6 3. Bg5 Ne4 4. Bh4 d5 5. Nbd2 Bg7 6. e3 Nxd2 7. Qxd2 O-O 8. Be2 h6 9. O-O c5 10. c3 Be6 11. dxc5 Nd7 12. b4 g5 13. Bg3 a5 14.
a3 Nf6 15. Be5 g4 16. Nh4 Ne4 17. Qd4 f6 18. Bg3 axb4 19. axb4 Rxa1 20. Rxa1 Qd7 21.
c4 Nxg3 22. hxg3 f5 23. Qd1 Bxa1 24. Qxa1 dxc4 25. Ng6 Rf6 26. Ne5 Qd2 27. Bxc4 Qxb4 28. Bxe6+ Rxe6 29. Nd3 Qb5 30. Nf4 Rf6 31. Qe5 Qd7 32.
Nd5 Rf7 33. Kh2 Kh7 34. Nf4 Rf6 35. Nh5 Rf7 36. Qc3 Qc6 37. Nf4 h5 38. Qc4 Rg7 39. Qd3 Qxc5 40. Nxh5 Rf7 41. Nf4 Qc6 42. Qd8 Qh6+ 43.
Kg1 Qd6 44. Qe8 Rf6 45. Qh5+ Kg7 46. Qg5+ Kf8 47. Qh4 Rh6 48. Nh5 Qg6 0-1

[Event "*** Titled Tuesday Blitz"]
[Site "Chess.com"]
[Date "2019.11.05"]
[Round "8"]
[White "TST2014"]
[Black "Darhild"]
[Result "0-1"]
[WhiteElo "2527"]
[BlackElo "2692"]
[TimeControl "180+2"]
[EndTime "14:54:58 PST"]
[Termination "Darhild won by resignation"]

1. d4 Nf6 2. c4 g6 3. Nc3 d5 4. Nf3 Bg7 5. Bg5 Ne4 6. Bh4 Nxc3 7. bxc3 dxc4 8. Qa4+ Qd7 9. Qxc4 b6 10. e3 Ba6 11. Qb3 Bxf1 12. Kxf1 O-O 13. Ke2 Nc6 14. a4 e5 15. h3 exd4 16. cxd4 Na5 17. Qb5 c6 18. Ne5 Qe6 19. Qb2 c5 20. Bg3 cxd4 21. Qa2 Qf5 22. exd4 Qe4+ 23. Kf1 Qxd4 24. Re1 Rae8 25.
Nf3 Rxe1+ 26. Nxe1 Re8 27. Qb1 Nc4 28. Kg1 Qb2 29.
Qd1 Qd4 30. Qb1 Nd2 31. Qd1 Ne4 32. Qxd4 Bxd4 33. Bh4 g5 34. Nf3 Bc5 35. Bxg5 Bxf2+ 36. Kh2 Bg3+ 37. Kg1 Nxg5 38. h4 Nxf3+ 39. gxf3 Re1+ 40. Kg2 Rxh1 41. Kxh1 Bxh4 42. Kg2 Be7 43. Kh3 Kg7 44.
Kg4 Kg6 45. Kf4 f5 46. Ke5 h5 47. Ke6 Bf6 48. Kd7 h4 49. Kc6 Bd4 50. Kb7 a5 51. Ka7 Bc5 52. Ka6 h3 53. f4 h2 54. Kb5 h1=Q 55.
Ka6 Qc6 56. Ka7 b5+ 57. Kb8 0-1

[Event "*** Titled Tuesday Blitz"]
[Site "Chess.com"]
[Date "2019.11.05"]
[Round "8"]
[White "Keaton87"]
[Black "BIG_Pirate"]
[Result "1-0"]
[WhiteElo "2580"]
[BlackElo "2442"]
[TimeControl "180+2"]
[EndTime "14:55:06 PST"]
[Termination "Keaton87 won by resignation"]

1. d4 d5 2. Bf4 Nf6 3. e3 c5 4. c3 Qb6 5. Qb3 Nc6 6. Nd2 Bf5 7. dxc5 Qxb3 8. axb3 e5 9. Bg3 Bxc5 10. b4 Bd6 11. Ngf3 Nd7 12. Bb5 Ke7 13. O-O f6 14. Rfe1 Be6 15.
e4 Rhc8 16. exd5 Bxd5 17. Rad1 a6 18. Bf1 Nb6 19. Ne4 Bxe4 20. Rxe4 Rd8 21. Ree1 Kf7 22. Nd2 a5 23. b5 Ne7 24. Ne4 Nf5 25. f3 Na4 26. b3 Nc5 27. Rxd6 Nxd6 28. Nxc5 Rac8 29. Na4 Nf5 30. Bf2 Rd2 31. g4 Nd6 32. c4 g5 33.
Be3 Ra2 34. Rd1 Ke6 35. Bd3 Rd8 36. Bxh7 Nf7 37. Bf5+ Ke7 38. Bc5+ Ke8 39. Rxd8+ Nxd8 40. Bb6 Ra1+ 41. Kf2 Ra2+ 42. Ke3 Rxh2 43. Bxa5 Rh1 44.
Bxd8 Kxd8 45. Nc5 Kc7 46. Ne4 Rb1 47. Nxf6 Rxb3+ 48. Ke4 Rb4 49. Be6 Kd6 50. Bd5 b6 51. Kf5 e4 52. Nxe4+ 1-0

[Event "*** Titled Tuesday Blitz"]
[Site "Chess.com"]
[Date "2019.11.05"]
[Round "8"]
[White "GM_dmitrij"]
[Black "VerdeNotte"]
[Result "0-1"]
[WhiteElo "2919"]
[BlackElo "2806"]
[TimeControl "180+2"]
[EndTime "14:55:07 PST"]
[Termination "VerdeNotte won by checkmate"]

1. e4 e5 2. Nf3 Nc6 3. Bb5 a6 4. Ba4 d6 5. O-O Bd7 6. c3 g6 7. d4 Bg7 8. Re1 Nf6 9. h3 O-O 10. Nbd2 exd4 11. cxd4 Nb4 12. Bxd7 Nxd7 13. Qb3 c5 14. d5 a5 15. Nc4 b5 16. Nxd6 c4 17.
Qd1 Qb6 18. Bf4 Nd3 19. Bg3 Nxe1 20. Qxe1 Bxb2 21. Rb1 c3 22. Qe2 Qc5 23. Rxb2 cxb2 24. Qxb2 b4 25. Bf4 Qc3 26. Qe2 a4 27. Qb5 b3 28.
axb3 a3 29. Qxd7 a2 30. Kh2 a1=Q 31. e5 Rad8 32. Qe7 Rxd6 33. exd6 Qf6 34. Qe3 Qac3 35. Qe4 Qf5 36. Qa4 Qcf6 37. Bg3 Qxd5 38. h4 Rd8 39.
Ng5 h6 40. Ne4 Qfe6 41. f3 Qxb3 42. Qa5 Rf8 43. Be5 f6 44. Bg3 Qbd5 45. Qc7 Qf7 46. Qc3 g5 47. Qc2 gxh4 48. Bf4 h3 49. g4 f5 50. Nc3 Qxf3 51. Ne2 Qg2# 0-1

[Event "*** Titled Tuesday Blitz"]
[Site "Chess.com"]
[Date "2019.11.05"]
[Round "8"]
[White "wonderfultime"]
[Black "HarutyunianTigranK"]
[Result "0-1"]
[WhiteElo "2946"]
[BlackElo "2828"]
[TimeControl "180+2"]
[EndTime "14:55:09 PST"]
[Termination "HarutyunianTigranK won by resignation"]

1. d4 Nf6 2. Nf3 d5 3. Bf4 e6 4. e3 Bd6 5. Bg3 O-O 6. Nbd2 c5 7. c3 Qc7 8. Bd3 Nbd7 9. Qe2 b6 10. e4 dxe4 11. Nxe4 Bxg3 12. hxg3 Bb7 13. Nxf6+ Nxf6 14. Qe5 Rac8 15. Qxc7 Rxc7 16. dxc5 Rxc5 17. O-O-O g6 18. Rhe1 Kg7 19. Bc2 h5 20. a4 Re8 21. Rd2 e5 22.
Bb3 e4 23. Nd4 Rg5 24. Nc2 h4 25. gxh4 Rxg2 26. Ne3 Rh2 27. Rg1 Bc8 28. Bc4 Rxh4 29. Rd6 Rf4 30. Rg2 Ng4 31. Nxg4 Bxg4 32. Rc6 e3 33. fxe3 Rxe3 34. Rc7 Bf3 35. Rg1 Re5 36. b3 a5 37. Rf1 Ref5 38. Kd2 g5 39. Ke3 g4 40. Bd3 Rf6 41. Rg1 Bd5 42. c4 Rf3+ 43.
Kd2 Be6 44. Rb7 g3 45. Be4 Rxb3 46. c5 Rf2+ 47. Kc1 Rc3+ 48. Kb1 bxc5 49. Rb5 Re3 50. Bc6 Bf5+ 51. Kc1 Rc3+ 52. Kd1 Bg4+ 0-1

[Event "*** Titled Tuesday Blitz"]
[Site "Chess.com"]
[Date "2019.11.05"]
[Round "8"]
[White "FearNoEvil12"]
[Black "Siemba"]
[Result "1-0"]
[WhiteElo "1978"]
[BlackElo "2200"]
[TimeControl "180+2"]
[EndTime "14:55:09 PST"]
[Termination "FearNoEvil12 won by resignation"]

1. e4 c5 2. Nc3 e6 3. f4 d5 4. Nf3 dxe4 5. Nxe4 Bd7 6. d3 Bc6 7.
Qe2 Nd7 8. g3 Ngf6 9. Bg2 Be7 10. Ne5 Nxe5 11. fxe5 Nd5 12. O-O Qd7 13. Bd2 b6 14. a3 Rf8 15. c4 Nc7 16. Be3 O-O-O 17. Rad1 f5 18. exf6 Bxf6 19. Bf4 Bd4+ 20. Kh1 e5 21.
Bg5 Rde8 22. Qh5 Kb7 23. Bh3 Bxe4+ 24. dxe4 Qc6 25. Bg2 Ne6 26. Bc1 h6 27. b4 a6 28.
Qe2 Ng5 29. Rf5 g6 30. Rff1 Ka7 31. Bxg5 hxg5 32. b5 axb5 33. cxb5 Qe6 34. Qc2 Rh8 35. Qa4+ Kb8 36. Rxd4 cxd4 37. Rc1 Rc8 38. Rc6 Rxc6 39.
bxc6 Rc8 40. Bf1 Qxc6 41. Bb5 Qxe4+ 42. Kg1 Rc1+ 43. Bf1 Qe3+ 44. Kg2 Qe4+ 45. Kg1 Qc6 46. Qb4 d3 47. Qf8+ Qc8 48. Qf3 Rxf1+ 49. Kxf1 Qf5 50. Qxf5 gxf5 51. h4 gxh4 52. gxh4 f4 53. h5 f3 54. Ke1 e4 55. h6 e3 56. h7 f2+ 57. Kf1 d2 58. h8=Q+ Kb7 59. Qd4 e2+ 60. Kxe2 d1=Q+ 61. Qxd1 f1=Q+ 62. Qxf1 1-0

[Event "*** Titled Tuesday Blitz"]
[Site "Chess.com"]
[Date "2019.11.05"]
[Round "8"]
[White "platy3"]
[Black "vlad10898"]
[Result "1-0"]
[WhiteElo "2904"]
[BlackElo "2687"]
[TimeControl "180+2"]
[EndTime "14:55:19 PST"]
[Termination "platy3 won by resignation"]

1. e4 c5 2. Nf3 d6 3. d4 cxd4 4.
Nxd4 Nf6 5. Nc3 a6 6. a4 e5 7. Nf3 Be7 8. Bc4 O-O 9. O-O Be6 10. Bb3 Qc7 11. Qe2 Rc8 12. Bg5 Nbd7 13. Rfd1 h6 14. Bh4 g5 15. Bg3 Bxb3 16. cxb3 Nc5 17. b4 Ne6 18.
Nd5 Nxd5 19. exd5 Ng7 20. h4 g4 21. Nxe5 dxe5 22. Bxe5 Qd7 23. Qe3 Nf5 24. Qf4 h5 25. d6 Bf8 26. Qg5+ Bg7 27. Rd5 Qe6 28. Rad1 f6 29. Qg6 Nxh4 30. Qxh5 fxe5 31. Qxh4 Rc1 32. Rxc1 Qxd5 33. Qe7 Qf7 34. Qg5 Qf6 35. Qd2 Rd8 36. d7 Qf5 37. Rd1 Kf7 38. Qd5+ Ke7 39. Qd6+ Kf7 40.
Qd5+ Qe6 41. Qxb7 Bf6 42. b5 a5 43. Qc6 Ke7 44. Qc5+ Kf7 45. Rd6 Qe7 46. Qd5+ Kg7 47. b6 Rb8 48. b7 e4 49. d8=Q Rxd8 50. Rxd8 1-0

[Event "*** Titled Tuesday Blitz"]
[Site "Chess.com"]
[Date "2019.11.05"]
[Round "8"]
[White "Kostya_Nikologorskiy"]
[Black "Adham_Fawzy"]
[Result "1-0"]
[WhiteElo "2575"]
[BlackElo "2703"]
[TimeControl "180+2"]
[EndTime "14:55:19 PST"]
[Termination "Kostya_Nikologorskiy won by resignation"]

1. d4 Nf6 2. c4 e6 3. Nf3 c5 4. d5 b5 5. Bg5 exd5 6. cxd5 d6 7. e4 a6 8. a4 h6 9. Bxf6 Qxf6 10. axb5 Qxb2 11. Nbd2 Be7 12. Rb1 Qc3 13. b6 Bb7 14. Qa4+ Nd7 15. Be2 Rb8 16. O-O Bc8 17.
Rfc1 Qf6 18. Bxa6 Bxa6 19. Qxa6 O-O 20. b7 Ne5 21. Nxe5 Qxe5 22. Rc4 Qf4 23. Nb3 f5 24.
e5 Qxe5 25. Na5 Qe2 26. Nc6 Bh4 27. Nxb8 Bxf2+ 28. Kh1 Rxb8 29. Ra4 Qe8 30. Rf4 Bd4 31.
Rxf5 Qe4 32. Qf1 Kh7 33. Rf7 Bf6 34. Re1 Qg6 35. Rd7 Be5 36. Qf7 Qg5 37. Rf1 c4 38. Qf5+ Qxf5 39. Rxf5 c3 40. Rf2 Bd4 41. Rc2 Be5 42.
g3 Kg6 43. Kg2 Kf5 44. Kf3 h5 45. Ke3 g5 46. Kd3 h4 47. gxh4 gxh4 48. h3 Kf4 49.
Ra2 Kg3 50. Ra8 Rxb7 51. Rxb7 Kxh3 52. Rg8 Kh2 53. Re7 h3 54. Rxe5 dxe5 55. Kxc3 e4 56. Kd4 e3 57. Kxe3 Kh1 58. Rh8 h2 59. Rxh2+ Kxh2 60. d6 Kg3 61. d7 1-0

[Event "*** Titled Tuesday Blitz"]
[Site "Chess.com"]
[Date "2019.11.05"]
[Round "8"]
[White "FairChess_on_YouTube"]
[Black "Zaven_ChessMood"]
[Result "1/2-1/2"]
[WhiteElo "3022"]
[BlackElo "2865"]
[TimeControl "180+2"]
[EndTime "14:55:20 PST"]
[Termination "Game drawn by agreement"]

1. Nf3 d5 2. g3 Nc6 3. d4 Bf5 4. Bg2 e6 5. O-O Nb4 6. Na3 Nf6 7. c3 Nc6 8. Nh4 Qd7 9. Nxf5 exf5 10. Nc2 Bd6 11.
Qd3 O-O 12. b4 Ne7 13. b5 a6 14. a4 axb5 15. axb5 Rxa1 16. Nxa1 g6 17. Nb3 c6 18. bxc6 bxc6 19. c4 Rb8 20. c5 Bc7 21. Bh6 Ng4 22. Bg5 h6 23. Bd2 Kg7 24. Rb1 Nf6 25. Be1 f4 26. Nd2 Rxb1 27. Qxb1 Qe6 28. Qd3 g5 29. Nf1 Ng6 30. Bd2 Ne4 31. Bc1 h5 32. f3 Nf6 33. e4 dxe4 34. fxe4 Qd7 35. gxf4 Nxf4 36. Bxf4 Bxf4 37. Ne3 Qa7 38. Nf5+ Kf8 39.
e5 Ng4 40. h3 Qa1+ 41. Qf1 Qxf1+ 42. Kxf1 Ne3+ 43. Nxe3 Bxe3 44. d5 cxd5 45. c6 Bb6 46.
Bxd5 Bc7 47. Bf3 h4 48. Bg4 Bxe5 49. Ke2 Ke7 50. Kf3 Bc7 51. Bf5 Kd6 52. Kg4 Bd8 53. Be4 Ke5 54. Bf5 Kd5 55. c7 Bxc7 56. Kxg5 Bg3 57. Kg4 Ke5 58. Bh7 1/2-1/2

[Event "*** Titled Tuesday Blitz"]
[Site "Chess.com"]
[Date "2019.11.05"]
[Round "8"]
[White "MikaelyanArman"]
[Black "RainForestt"]
[Result "0-1"]
[WhiteElo "2718"]
[BlackElo "2577"]
[TimeControl "180+2"]
[EndTime "14:55:21 PST"]
[Termination "RainForestt won on time"]

1. e4 e6 2. d4 d5 3. Nc3 dxe4 4. Nxe4 Nd7 5. Nf3 Be7 6. g3 Ngf6 7. Nxf6+ Nxf6 8. Bg2 O-O 9. O-O c5 10. c4 cxd4 11. Nxd4 e5 12. Nb5 Be6 13. b3 a6 14.
Nc3 Qc7 15. Bg5 Rfd8 16. Qe2 Rd4 17. Rfe1 Bb4 18. Bxf6 gxf6 19. Rac1 Qa5 20. Qf3 Kg7 21. Re3 Bxc3 22. Rexc3 Rad8 23. h3 Qxa2 24. R3c2 Qa5 25. Kh2 b5 26. c5 Rd3 27. Qb7 Bxb3 28. c6 Bxc2 29. Rxc2 Qa4 30. Rc1 Qa3 31. Rf1 Qc5 32. Qxa6 Rd2 33. Qa5 R8d3 34. c7 Rxf2 35. c8=Q Rxg2+ 36. Kxg2 Qxc8 37. Qxb5 Qa8+ 38. Kf2 Qf3+ 39. Kg1 Qxg3+ 40.
Kh1 Qxh3+ 41. Kg1 Qg3+ 42. Kh1 Rd2 43. Rf2 Rxf2 0-1

[Event "*** Titled Tuesday Blitz"]
[Site "Chess.com"]
[Date "2019.11.05"]
[Round "8"]
[White "SaraciNderim"]
[Black "LPSupi"]
[Result "1-0"]
[WhiteElo "2835"]
[BlackElo "2975"]
[TimeControl "180+2"]
[EndTime "14:55:23 PST"]
[Termination "SaraciNderim won by resignation"]

1. d4 Nf6 2. Nf3 e6 3. g3 b5 4. Bg2 Bb7 5. O-O c5 6. e3 a6 7. b3 Be7 8. Bb2 O-O 9. Nbd2 cxd4 10. Nxd4 Qc7 11. c4 bxc4 12. Nxc4 Bxg2 13. Kxg2 d5 14. Nd2 Qb7 15. Rc1 Nbd7 16. Nc6 Bd6 17. Nf3 Rfc8 18.
Nce5 a5 19. Nxd7 Nxd7 20. Qd4 e5 21. Qd2 d4 22. Rfd1 a4 23. Rxc8+ Rxc8 24. bxa4 Nf6 25.
Qe2 Nd5 26. e4 Nb4 27. Ba3 Rc3 28. Bxb4 Qxb4 29. Qb5 Qxb5 30. axb5 Rc2 31. Rb1 Rxa2 32. b6 Ra8 33. b7 Rb8 34. Nd2 Kf8 35. Nc4 Bc7 36.
Rb5 f6 37. Nb2 Ke7 38. Nd3 Kd6 39. Nb4 Re8 40. Rd5+ Ke6 41. Na6 Bb8 42. Kf3 f5 43.
Nc5+ Kf6 44. Rd7 fxe4+ 45. Kxe4 Ba7 46. Na6 d3 47. Kxd3 e4+ 48. Ke2 e3 49. f4 Kf5 50.
Rxg7 h5 51. Rg5+ Ke4 52. Re5+ 1-0

[Event "*** Titled Tuesday Blitz"]
[Site "Chess.com"]
[Date "2019.11.05"]
[Round "8"]
[White "vugarrasulov"]
[Black "Mikhail_Golubev"]
[Result "1-0"]
[WhiteElo "2781"]
[BlackElo "2628"]
[TimeControl "180+2"]
[EndTime "14:55:26 PST"]
[Termination "vugarrasulov won by resignation"]

1. e4 c5 2. Nf3 d6 3. d4 Nf6 4.
Nc3 cxd4 5. Nxd4 g6 6. Be3 Bg7 7. f3 O-O 8. Qd2 Nc6 9. Bc4 Bd7 10. h4 Ne5 11. Bb3 Rc8 12. h5 Nxh5 13. O-O-O Qa5 14. g4 Nf6 15. Bh6 Bxh6 16. Rxh6 Rxc3 17. Qxc3 Qxc3 18. bxc3 Rc8 19. Kb2 a5 20. a3 Kg7 21. Rdh1 b5 22. R6h2 h5 23. gxh5 Nxh5 24. Rg1 Kf6 25. Rh4 Nc4+ 26.
Bxc4 Rxc4 27. Ne2 e5 28. Rd1 Ke7 29. Rh2 Ng7 30. Nc1 Ne6 31. Rhd2 Nc5 32. Rxd6 Be6 33. Ka1 Rxc3 34. Rc6 Rxa3+ 35. Kb2 Rxf3 36. Rxc5 a4 37. Nd3 g5 38. Rxe5 f6 39. Rxb5 g4 40. Rb7+ Kf8 41. Rh1 Kg8 42. Rh6 Bf7 43. Rh4 g3 44. Rg4+ Kf8 45.
e5 Be6 46. Rg6 Bf7 47. Rg4 Be6 48. Rf4 g2 49. Rxf3 g1=Q 50. Rxf6+ Kg8 51. Rxe6 Qd4+ 52. Kb1 Qd8 53. Ree7 a3 54. Rg7+ Kf8 55. Rbf7+ 1-0

[Event "*** Titled Tuesday Blitz"]
[Site "Chess.com"]
[Date "2019.11.05"]
[Round "8"]
[White "Rhinos1"]
[Black "vova-79"]
[Result "0-1"]
[WhiteElo "2062"]
[BlackElo "2376"]
[TimeControl "180+2"]
[EndTime "14:55:40 PST"]
[Termination "vova-79 won on time"]

1. d4 d5 2. Nf3 Nf6 3. g3 c5 4. Bg2 Nc6 5. O-O e6 6. c4 Be7 7. dxc5 Bxc5 8. Qc2 Be7 9. Rd1 O-O 10. Nc3 h6 11. cxd5 exd5 12. e4 d4 13. Be3 dxe3 14. Rxd8 exf2+ 15. Qxf2 Rxd8 16. h3 Be6 17. Nh4 b6 18. Kh2 Ne5 19. Nf5 Bc5 20. Nxh6+ Kh7 21. Qf4 Ng6 22. Qg5 gxh6 23. Qxf6 Rd2 24. Rd1 Rxb2 25. h4 Rf2 26. e5 Rxf6 27. exf6 Rc8 28. Ne4 Ne5 29. Bh3 Bxh3 30. Kxh3 Kg6 31. g4 h5 32. g5 Re8 33. Rd5 Kf5 34. Ng3+ Ke6 35. Rd1 Rh8 36. Re1 Bd6 37. Ne4 Bb8 38. Rc1 b5 39. Nc5+ Kf5 40. Rf1+ Kg6 41. Na6 Bd6 42. Rd1 Rd8 43. Nc5 Bc7 44. Rc1 Bb6 45. Ne4 Rd3+ 46.
Kg2 Nc4 47. a4 a6 48. axb5 axb5 49. Rb1 Rd4 50. Kf3 Ne5+ 51. Kf4 b4 0-1

[Event "*** Titled Tuesday Blitz"]
[Site "Chess.com"]
[Date "2019.11.05"]
[Round "8"]
[White "NZT72"]
[Black "Olga_Ustinova"]
[Result "1-0"]
[WhiteElo "2504"]
[BlackElo "2405"]
[TimeControl "180+2"]
[EndTime "14:55:42 PST"]
[Termination "NZT72 won by resignation"]

1. c4 g6 2. g3 Bg7 3. Bg2 Nf6 4. Nc3 O-O 5. d4 c5 6. Nf3 cxd4 7. Nxd4 Nc6 8. O-O Qc7 9. Nc2 d6 10. b3 a6 11. Bb2 Rb8 12. Ne3 Be6 13. Rc1 Qd7 14.
Qd2 Rfc8 15. Rfd1 b5 16. Ncd5 Bxd5 17. Nxd5 Nxd5 18. Bxg7 Kxg7 19. Qxd5 Nd8 20. c5 Qe6 21. Qd4+ f6 22. cxd6 Rxc1 23. Rxc1 Qxd6 24. Qxd6 exd6 25. Rc7+ Kh6 26. Bd5 a5 27. a3 f5 28. f4 g5 29.
e3 Kg6 30. Kf2 h6 31. Rd7 gxf4 32. exf4 b4 33. a4 Kf6 34. Rxd6+ Kg7 35. Rd7+ Kf6 36. h3 Rc8 37. g4 Rc2+ 38. Ke3 Rc3+ 39. Kd4 fxg4 40.
hxg4 Ne6+ 41. Bxe6 Kxe6 42. Rh7 Rxb3 43. Rxh6+ Kf7 44.
Ra6 Rf3 45. Ke4 Ra3 46. Rxa5 b3 47. Kf5 b2 48. Ra7+ Ke8 49. Rb7 Rxa4 50. Rxb2 Ra5+ 51.
Kg6 Ra6+ 52. Kg5 Kf7 53. Rb7+ Kg8 54. f5 Rc6 55. f6 Rc4 56. Kf5 Rc5+ 57. Kg6 Rc8 58. g5 Kh8 59. Kh6 Ra8 60. g6 Re8 61. Rh7+ Kg8 62. f7+ 1-0